 Dungeon Crawl Stone Soup version 0.25-a0-610-gd0df705f03 (webtiles) character file.

Game seed: 16550624255289899817, levelgen mode: deterministic

280 ipx the Skirmisher (level 6, 0/40 HPs)
             Began as a Gargoyle Gladiator on Mar 16, 2020.
             Was an Initiate of Trog.
             Slain by an ogre
             ... wielding a +0 giant club
              (15 damage)
             ... on level 5 of the Dungeon.
             The game lasted 00:11:42 (1078 turns).

ipx the Skirmisher (Gargoyle Gladiator)             Turns: 1078, Time: 00:11:43

Health: 0/40       AC: 15    Str: 20    XL:     6   Next: 27%
Magic:  6/6        EV: 10    Int:  8    God:    Trog [......]
Gold:   40         SH:  0    Dex: 11    Spells: 5/5 levels left

rFire    . . .     SeeInvis .   g - -2 hunting sling (curse)
rCold    . . .     Gourm    .   (no shield)
rNeg     + . .     Faith    .   e - +0 scale mail
rPois    ∞         Spirit   .   c - +0 helmet
rElec    +         Reflect  .   (no cloak)
rCorr    .         Harm     .   (no gloves)
MR       .....                  (no boots)
Stlth    ..........             (no amulet)
HPRegen  0.13/turn              i - +4 ring of protection
MPRegen  0.10/turn              (no ring)

@: berserk cooldown, slowed, very slow
A: negative energy resistance 1, electricity resistance, unbreathing,
petrification resistance, rot immunity, AC +4
a: Renounce Religion


You were on level 5 of the Dungeon.
You worshipped Trog.
Trog was noncommittal.
You were hungry.

You visited 2 branches of the dungeon, and saw 6 of its levels.

You collected 40 gold pieces.

Inventory:

Hand Weapons
 a - a +1 war axe
 b - a +2 dagger of venom
 g - a cursed -2 hunting sling (weapon)
Missiles
 h - 12 sling bullets (quivered)
Armour
 c - a +0 helmet (worn)
 e - a +0 scale mail (worn)
Jewellery
 i - a +4 ring of protection (left hand)
Scrolls
 j - a scroll of enchant armour
Comestibles
 f - a ration


   Skills:
 + Level 5.1 Fighting
 + Level 4.8 Axes
 - Level 1.7 Throwing
 - Level 2.4 Dodging


You had 5 spell levels left.
You didn't know any spells.
Your spell library was empty.

Dungeon Overview and Level Annotations

Branches:
Dungeon (5/15)             Temple (1/1) D:4

Altars:
Ashenzari
Elyvilon
Gozag
Hepliaklqana
Nemelex Xobeh
Qazlal
Sif Muna
Trog
Uskayaw
Vehumet


Innate Abilities, Weirdness & Mutations

You are resistant to torment.
Your stone body is resilient. (AC +4)
You are immune to poison.
You resist negative energy. (rN+)
You are resistant to electric shocks. (rElec)
You can survive without breathing.
You are immune to petrification.
You are immune to rotting.


Message History

Firing (i - inventory)
h - 15 sling bullets (quivered)
Press: ? - help, Shift-Dir - straight line, f - ogre
Aim: an ogre, wielding a +0 giant club You shoot a sling bullet.
The sling bullet hits the ogre.
The ogre is lightly wounded.
The ogre closely misses you.
Your magical contamination has completely faded away.
Firing (i - inventory)
h - 14 sling bullets (quivered)
Press: ? - help, Shift-Dir - straight line, f/p - ogre
Aim: an ogre, wielding a +0 giant club (lightly wounded)
You shoot a sling bullet. The sling bullet hits the ogre.
The ogre is moderately wounded.
The ogre hits you but does no damage. The ogre barely misses you.
Firing (i - inventory)
h - 13 sling bullets (quivered)
Press: ? - help, Shift-Dir - straight line, f/p - ogre
Aim: an ogre, wielding a +0 giant club (moderately wounded)
You shoot a sling bullet. The sling bullet hits the ogre.
The ogre is heavily wounded.
The ogre hits you with a +0 giant club!
You die...

.. #.. .# ### #######.# #.# ...
......#.### #.# ####..# #
......#.#.########.####.....###.#
......#.#.......).....#.#.......#
......#.#.##....##..###.#.......#
......#.#.##................._...
....>.....O+...O@................
..##+##.#.##....##....<.†.#....
#.#.####+#......#.#.....# #.#.#
#.#..#.....#.### #.#.#
#...###..###.# #.#.# #..## ##...
. #.#.# #...## ##..# ..
..........## #... .. .....# ##.
..#


You could see an ogre.

Vanquished Creatures
  2 ogres
  A worker ant (D:5)
  2 adders
  3 gnolls (D:3)
  2 worms
  2 leopard geckos
  4 orcs (D:3)
  A giant cockroach (D:3)
  3 goblins
  4 hobgoblins
  2 jackals (D:1)
  A quokka (D:4)
  2 bats (D:3)
  3 kobolds
  5 rats
37 creatures vanquished.

Notes
Turn   | Place    | Note
-------+----------+-------------------------------------------
     0 | D:1      | ipx the Gargoyle Gladiator began the quest for the Orb.
     0 | D:1      | Reached XP level 1. HP: 12/12 MP: 1/1
   173 | D:1      | Reached XP level 2. HP: 15/18 MP: 2/2
   405 | D:3      | Reached skill level 3 in Fighting
   405 | D:3      | Reached XP level 3. HP: 16/23 MP: 3/3
   423 | D:3      | Reached XP level 4. HP: 15/28 MP: 4/4
   591 | D:4      | Found a staircase to the Ecumenical Temple.
   614 | Temple   | Entered the Ecumenical Temple
   659 | Temple   | Became a worshipper of Trog the Wrathful
   720 | D:4      | Noticed an ogre
   737 | D:4      | Killed an ogre
   737 | D:4      | Reached skill level 4 in Fighting
   737 | D:4      | Reached XP level 5. HP: 17/34 MP: 5/5
   995 | D:5      | Entered Level 5 of the Dungeon
   995 | D:5      | Found a sparkling altar of Nemelex Xobeh.
  1033 | D:5      | Noticed an ogre
  1045 | D:5      | Killed an ogre
  1045 | D:5      | Reached skill level 5 in Fighting
  1045 | D:5      | Reached XP level 6. HP: 10/40 MP: 6/6
  1078 | D:5      | Slain by an ogre

Levels and vault maps discovered:
D:1:      dpeg_arrival_rooms_c, layout_basic
D:2:      layout_basic, grunt_ministairs_12, nrook_mini_backslash,
          minmay_tetromino_o2
D:3:      layout_basic, uniq_crazy_yiuf_cottage
D:4:      layout_loops_corners, minmay_temple_entry_gardened_gates,
          serial_shops, nicolae_shop_waterfront, kennysheep_pointless_box,
          evilmike_ruin_ashenzari, uniq_edmund
D:5:      minmay_inner_zag, layout_basic, first_ration, basic_altar,
          ebering_ghost_sewer_f, uniq_eustachio, uniq_sigmund, uniq_grinder
Temple:   eino_temple_scatter_basement

Skill      XL: |  1  2  3  4  5 |
---------------+----------------+-----
Axes           | 3 4 |  4.8
Fighting       | 3 4 5 |  5.1
Throwing       | |  1.7
Dodging        | |  2.4

Action                   |  1- 3 |  4- 6 || total
-------------------------+-------+-------++-------
Melee: Dagger            |    66 |    25 ||    91
       War axe           |     6 |       ||     6
 Fire: Hunting sling     |       |    66 ||    66
Throw: Throwing net      |       |     9 ||     9
  Use: Scroll            |       |     5 ||     5
       Potion            |       |     1 ||     1
Armor: Scale mail        |    27 |    36 ||    63
Dodge: Dodged            |    16 |    38 ||    54

Table legend:
 A = Non-vault XP
 B = Vault XP
 C = Vault XP percentage of total XP
 D = Non-vault monster count
 E = Vault monster count
 F = Vault count percentage of total count
                 A         B        C        D         E       F
            +---------+---------+-------+---------+---------+-------
      Total |     395 |       5 |   1.2 |      36 |       1 |   2.7
            +---------+---------+-------+---------+---------+-------
        D:1 |      20 |       0 |   0.0 |      12 |       0 |   0.0
        D:2 |       0 |       5 | 100.0 |       0 |       1 | 100.0
        D:3 |      89 |       0 |   0.0 |      19 |       0 |   0.0
        D:4 |     131 |       0 |   0.0 |       3 |       0 |   0.0
        D:5 |     155 |       0 |   0.0 |       2 |       0 |   0.0
            +---------+---------+-------+---------+---------+-------
